 Dungeon Crawl Stone Soup version 0.29.0-5-ge4962eb29e (webtiles) character file.

Game seed: 12396644990623369066

4 edwardauron the Cudgeller (level 1, -2/13 HPs)
             Began as a Gargoyle Gladiator on Aug 29, 2022.
             Frozen to death by an endoplasm (5 damage)
             ... on level 1 of the Dungeon.
             The game lasted 00:00:16 (301 turns).

edwardauron the Cudgeller (Gargoyle Gladiator)       Turns: 301, Time: 00:00:17

Health: -2/13      AC:  6    Str: 17    XL:     1   Next: 60%
Magic:  1/1        EV: 12    Int:  8    God:
Gold:   24         SH:  0    Dex: 11    Spells: 0/0 levels left

rFire   . . .      SeeInvis .   a - +0 flail
rCold   . . .      Faith    .   (no shield)
rNeg    + . .      Spirit   .   b - +0 leather armour
rPois   ∞          Reflect  .   c - +0 helmet
rElec   +          Harm     .   (no cloak)
rCorr   .          Rampage  .   (no gloves)
Will    .....                   (no boots)
Stlth   +.........              (no amulet)
HPRegen 0.04/turn               (no ring)
MPRegen 0.07/turn               (no ring)

@: no status effects
A: sickness immunity, AC +2, negative energy resistance 1, electricity
resistance, torment resistance 1, petrification resistance
a: no special abilities


You were on level 1 of the Dungeon.
You visited 1 branch of the dungeon, and saw 1 of its levels.

You collected 24 gold pieces.

Inventory:

Hand Weapons
 a - a +0 flail (weapon)
Missiles
 d - 3 throwing nets (quivered)
 e - a javelin
Armour
 b - a +0 leather armour (worn)
 c - a +0 helmet (worn)
Potions
 f - a potion of brilliance {unknown}


   Skills:
 + Level 2.3 Fighting
 + Level 3.1 Maces & Flails
 - Level 1.7 Throwing
 + Level 0.4 Armour
 - Level 2.4 Dodging


You couldn't memorise any spells.
You didn't know any spells.
Your spell library was empty.

Dungeon Overview and Level Annotations

Branches:
Dungeon (1/15)

Altars:


Innate Abilities, Weirdness & Mutations

You are immune to sickness and miasma.
Your stone body is resilient. (AC +2)
You are immune to poison.
You resist negative energy. (rN+)
You are resistant to electric shocks. (rElec)
You are resistant to unholy torment.
You are immune to petrification.


Message History

You thump the hobgoblin!
You kill the hobgoblin!
You see here a hobgoblin corpse.
You start resting.
HP restored.
f - a gluggy blue potion An endoplasm comes into view.
An endoplasm is nearby!
An endoplasm is nearby!
The endoplasm hits you.
You barely miss the endoplasm. The endoplasm freezes you.
You are frozen.
You hit the endoplasm but do no damage. The endoplasm freezes you.
You are frozen.
The endoplasm freezes you.
You are frozen.
* * * LOW HITPOINT WARNING * * *
You are too injured to fight recklessly!
You are too injured to fight recklessly!
You are too injured to fight recklessly!
You are too injured to fight recklessly!
You are too injured to fight recklessly!
You are too injured to fight recklessly!
You are too injured to fight recklessly!
You are too injured to fight recklessly!
You are too injured to fight recklessly!
You are too injured to fight recklessly!
You are too injured to fight recklessly!
You are too injured to fight recklessly!
You are too injured to fight recklessly!
You are too injured to fight recklessly!
You are too injured to fight recklessly!
You hit the endoplasm.
The endoplasm is lightly wounded.
The endoplasm barely misses you. The endoplasm freezes you.
You are frozen.
You die...

#.............#.÷.....##....##.
#...........................##.
#.#.###..........>....##.....#.
#.#............##########....#.
....###...#.#................#.
.
.........#......####....#...#.
.. ......###............+...#.
#......##.............#...#.
...........@..........#.##..
...$..##.J...........#.#... ...
#........#....#.#... ..
..........+......#... .
..##.......# ###.## ....
######### ###.. ... ##...# ...
#.#..# ##.##..


You could see an endoplasm.

Vanquished Creatures
  2 hobgoblins (D:1)
  A ball python (D:1)
  A bat (D:1)
4 creatures vanquished.

Notes
Turn   | Place    | Note
-------+----------+-------------------------------------------
     0 | D:1      | edwardauron the Gargoyle Gladiator began the quest for the
                  | Orb.
     0 | D:1      | Reached XP level 1. HP: 12/12 MP: 1/1
   301 | D:1      | Frozen to death by an endoplasm

Illustrated notes

Levels and vault maps discovered:
D:1:      amcnicky_arrival_gap_in_the_tavern_cellar, layout_basic,
          hangedman_decor_slide_cut, minmay_misc_feat_chi

Action                   || total
-------------------------++-------
Melee: Flail             ||    19
Armor: Leather armour    ||     6
Dodge: Dodged            ||     8
